 Dungeon Crawl Stone Soup version 0.27-a0-1140-g099f9bb0e8 (webtiles) character file.

Game seed: 12696895690665909716

42 voltaire321 the Ducker (level 3, 0/28 HPs)
             Began as a Demonspawn Gladiator on May 8, 2021.
             Slain by a gnoll
             ... wielding a +0 whip
              (5 damage)
             ... on level 2 of the Dungeon.
             The game lasted 00:02:52 (1836 turns).

voltaire321 the Ducker (Demonspawn Gladiator)       Turns: 1836, Time: 00:02:52

Health: 0/28       AC:  3    Str: 15    XL:     3   Next: 33%
Magic:  3/3        EV: 12    Int:  9    God:
Gold:   51         SH:  0    Dex: 14    Spells: 2/2 levels left

rFire    . . .     SeeInvis .   a - +0 war axe
rCold    . . .     Faith    .   (no shield)
rNeg     . . .     Spirit   .   b - +0 leather armour
rPois    .         Reflect  .   (helmet restricted)
rElec    .         Harm     .   n - scarf {repulsion}
rCorr    .         Rampage  .   (no gloves)
Will     .....                  (no boots)
Stlth    +.........             (no amulet)
HPRegen  0.09/turn              (no ring)
MPRegen  0.08/turn              (no ring)

@: repel missiles
A: horns 1, demonic magic 1
a: no special abilities


You were on level 2 of the Dungeon.
You visited 1 branch of the dungeon, and saw 3 of its levels.

You collected 51 gold pieces.

Inventory:

Hand Weapons
 a - a +0 war axe (weapon)
Missiles
 d - 3 throwing nets (quivered)
 f - 13 poisoned darts
Armour
 b - a +0 leather armour (worn)
 n - a scarf of repulsion (worn)
Scrolls
 g - a scroll of noise {unknown}
 h - a scroll of magic mapping {unknown}
 i - a scroll of identify {unknown}
 m - a scroll of enchant weapon {unknown}
Potions
 c - a potion of degeneration {unknown}
 e - 3 potions of mutation {unknown}
 j - a potion of magic {unknown}
 k - a potion of might {unknown}
 l - a potion of curing {unknown}
 p - a potion of haste {unknown}


   Skills:
 + Level 2.4 Fighting
 + Level 3.0 Axes
 + Level 2.2 Throwing
 + Level 1.0 Armour
 + Level 3.0 Dodging


You had 2 spell levels left.
You didn't know any spells.
Your spell library contained the following spells:

 Spells                   Type           Power      Damage    Failure   Level
 Corona                   Hex            0%         N/A       45%         1
 Ensorcelled Hibernation  Hex/Ice        0%         N/A       58%         2
 Confusing Touch          Hex            0%         N/A       83%         3
 Dazzling Flash           Conj/Hex       0%         N/A       83%         3
 Tukima's Dance           Hex            0%         N/A       83%         3


Dungeon Overview and Level Annotations

Branches:
Dungeon (3/15)

Altars:


Innate Abilities, Weirdness & Mutations

You have a pair of small horns on your head.
Spells you cast may paralyse adjacent enemies.


Message History

A frilled lizard and a bat come into view.
There is a stone staircase leading up here.
As you read the scroll labelled XOTAGE QUHYB, it crumbles to dust.
You feel strangely unstable.
It was a scroll of teleportation.
The frilled lizard hisses angrily.
You climb upwards.
There is a stone staircase leading down here.
You start waiting.
Your surroundings suddenly seem different.
There is a stone staircase leading up here.
There is a stone staircase leading down here.
You climb downwards.
A hobgoblin and 4 gnolls come into view.
The gnoll shouts! x4
The gnoll hits you with a +0 whip.
Found a scroll labelled XUNAAL ACOSCH and 10 gold pieces.
There is a stone staircase leading up, spattered with blood here.
You barely miss the gnoll.
The hobgoblin shouts!
You headbutt the gnoll.
The gnoll is lightly wounded.
The gnoll hits you with a +0 whip. The hobgoblin hits you.
The gnoll closely misses you.
The gnoll hits you from afar with a +0 spear. x2
* * * LOW HITPOINT WARNING * * *
The hobgoblin hits you.
* * * LOW HITPOINT WARNING * * *
You climb upwards.
There is a stone staircase leading down here.
You barely miss the gnoll.
The gnoll is lightly wounded.
You hit the hobgoblin. The gnoll barely misses you.
The hobgoblin barely misses you. The gnoll hits you with a +0 whip.
* * * LOW HITPOINT WARNING * * *
You slash the gnoll!
The gnoll is almost dead.
You hit the hobgoblin.
You kill the hobgoblin!
The gnoll hits you with a +0 whip.
You die...

#.#.......#..#
#.#.÷...#...##
#.#######.### #.#
##'##
##.######...##
##.....##.....##
##..###.#.......#
##g..# #..........
#@†..###.÷........
##.....<..........
##.##.###.......#
####.# ##.....##
#######.# ##...##
#.......# ##+##
#.####### #.# #.#
####.####
####.####
#........


You could see a gnoll.

Vanquished Creatures
  An adder (D:2)
  2 dart slugs (D:1)
  A bat (D:1)
  An endoplasm (D:2)
  2 giant cockroaches (D:2)
  3 goblins (D:1)
  A hobgoblin (D:2)
  4 jackals (D:1)
  4 ball pythons
  3 frilled lizards
  6 kobolds
  3 rats
31 creatures vanquished.

Notes
Turn   | Place    | Note
-------+----------+-------------------------------------------
     0 | D:1      | voltaire321 the Demonspawn Gladiator began the quest for
                  | the Orb.
     0 | D:1      | Reached XP level 1. HP: 16/16 MP: 1/1
   329 | D:1      | Gained mutation: You have a pair of small horns on your
                  | head. [demonic ancestry]
   329 | D:1      | Reached XP level 2. HP: 17/22 MP: 2/2
  1078 | D:2      | Gained mutation: Spells you cast may paralyse adjacent
                  | enemies. [demonic ancestry]
  1078 | D:2      | Reached XP level 3. HP: 23/28 MP: 3/3
  1193 | D:2      | Found a faded altar of an unknown god.
  1599 | D:2      | Reached skill level 1 in Armour
  1836 | D:2      | Slain by a gnoll

Illustrated notes

Levels and vault maps discovered:
D:1:      giann_bridges, layout_basic
D:2:      layout_loops_corners, basic_ecumenical_altar
D:3:      layout_rooms, uniq_sigmund

Skill      XL: |  1  2  3 |
---------------+----------+-----
Throwing       | 2 |  2.2
Axes           | 3 |  3.0
Dodging        | 3 |  3.0
Armour         | 1 |  1.0
Fighting       | |  2.4

Action                   || total
-------------------------++-------
Melee: War axe           ||    72
       Headbutt          ||     9
  Use: Scroll            ||     1
 Stab: Sleeping          ||     1
Armor: Leather armour    ||    19
Dodge: Dodged            ||    54

Table legend: (Time is in decaauts)
 A = Elapsed time spent in this place.
 B = Non-inter-level travel time spent in this place.
 C = Inter-level travel time spent in this place.
 D = Time resting spent in this place.
 E = Time spent auto-exploring this place.
 F = Levels seen in this place.
 G = Mean time per level.
                   A        B        C        D        E       F      G
               +--------+--------+--------+--------+--------+-----+--------+
         Total |   1862 |   1833 |     29 |    460 |   1072 |   3 |  620.7 |
       Dungeon |   1862 |   1833 |     29 |    460 |   1072 |   3 |  620.7 |
               +--------+--------+--------+--------+--------+-----+--------+

Top non-repeatable levels by time:
     D:2: 1014 daAuts
     D:1: 841 daAuts
     D:3: 6 daAuts
